| TOP OF THE 1ST |
|
Columbus Reds batting - Pitching for Paris Cubs : RHP Robbie Schoen
|
|
Pitching: RHP Robbie Schoen
|
|
|
Batting: RHB Alex de Leon
|
0-0: SINGLE (Groundball, 3D, EV 97.5 MPH)
|
|
Batting: RHB Ben Burkholder
|
0-0: Ball Alex de Leon steals 2nd base 1-0: Called Strike 1-1: Ground out 6-3 (Groundball, 6, EV 98.8 MPH)
|
|
Batting: LHB Matthew Berry
|
0-0: Ball 1-0: Called Strike 1-1: Foul Ball, location: 2F 1-2: SINGLE (Line Drive, 8RS, EV 90.6 MPH) Alex de Leon to third
|
|
Batting: LHB Jamie Spangenberg
|
0-0: Ball 1-0: Foul Ball, location: 2F 1-1: Swinging Strike 1-2: SINGLE (Groundball, 4S, EV 63.1 MPH) (infield hit) Alex de Leon scores Matthew Berry to second
|
|
Batting: RHB Aaron Barraza
|
0-0: Ball 1-0: Called Strike 1-1: Ball 2-1: Foul Ball, location: 2F 2-2: Fly out, F7 (Flyball, 7LM, EV 90.6 MPH)
|
|
Batting: SHB Cesar Pelayo
|
0-0: Ball 1-0: Foul Ball, location: 2F 1-1: Called Strike 1-2: Strikes out swinging
|
| Top of the 1st over - 1 run, 3 hits, 0 errors, 2 left on base; Columbus 1 - Paris 0 |
| BOTTOM OF THE 1ST |
|
Paris Cubs batting - Pitching for Columbus Reds : RHP Guang Jue
|
|
Pitching: RHP Guang Jue
|
|
|
Batting: SHB Jim Lloyd
|
0-0: Called Strike 0-1: Swinging Strike 0-2: Strikes out swinging
|
|
Batting: RHB Dave de Wolff
|
0-0: Foul Ball, location: 2F 0-1: Ball 1-1: Ball 2-1: Swinging Strike 2-2: Strikes out swinging
|
|
Batting: RHB Jorge Lagunas
|
0-0: Ball 1-0: Foul Ball, location: 2F 1-1: Ball 2-1: SOLO HOME RUN (Flyball, 7LD, EV 95.6 MPH), Distance : 356 ft
|
|
Batting: RHB Bartolo Aguilar
|
0-0: Ground out 6-3 (Groundball, 6, EV 108.8 MPH)
|
| Bottom of the 1st over - 1 run, 1 hit, 0 errors, 0 left on base; Columbus 1 - Paris 1 |
| TOP OF THE 2ND |
|
Columbus Reds batting - Pitching for Paris Cubs : RHP Robbie Schoen
|
|
Batting: RHB Ernie Maldonado
|
0-0: Called Strike 0-1: Ball 1-1: Ground out 6-3 (Groundball, 6, EV 84.4 MPH)
|
|
Batting: LHB Jose Cruz
|
0-0: Ball 1-0: Ball 2-0: Ball 3-0: Called Strike 3-1: Base on Balls
|
|
Batting: LHB Mike Becerra
|
0-0: Foul Ball, location: 2F 0-1: Foul Ball, location: 2F 0-2: Strikes out swinging
|
|
Batting: RHB Alex de Leon
|
0-0: Ball 1-0: Ball 2-0: Ball 3-0: Base on Balls Jose Cruz to second
|
|
Batting: RHB Ben Burkholder
|
0-0: Ball 1-0: Ball 2-0: Ball 3-0: Base on Balls Jose Cruz to third Alex de Leon to second
|
|
Batting: LHB Matthew Berry
|
0-0: Called Strike 0-1: Ball 1-1: Ball 2-1: Foul Ball, location: 2F 2-2: Foul Ball, location: 2F 2-2: Strikes out looking
|
| Top of the 2nd over - 0 runs, 0 hits, 0 errors, 3 left on base; Columbus 1 - Paris 1 |
| BOTTOM OF THE 2ND |
|
Paris Cubs batting - Pitching for Columbus Reds : RHP Guang Jue
|
|
Batting: RHB Mike Stein
|
0-0: Ball 1-0: Called Strike 1-1: Ball 2-1: Ball 3-1: Called Strike 3-2: Foul Ball, location: 2F 3-2: SOLO HOME RUN (Flyball, 89XD, EV 106.2 MPH), Distance : 427 ft
|
|
Batting: RHB Dan Orozco
|
0-0: Ball 1-0: Ground out 5-3 (Groundball, 56, EV 80.0 MPH)
|
|
Batting: RHB Steve Vint
|
0-0: Ground out 6-3 (Groundball, 6, EV 80.6 MPH)
|
|
Batting: RHB Jorge Gonzalez
|
0-0: Foul Ball, location: 2F 0-1: Swinging Strike 0-2: Ball 1-2: Foul Ball, location: 2F 1-2: Ball 2-2: Strikes out swinging
|
| Bottom of the 2nd over - 1 run, 1 hit, 0 errors, 0 left on base; Columbus 1 - Paris 2 |
| TOP OF THE 3RD |
|
Columbus Reds batting - Pitching for Paris Cubs : RHP Robbie Schoen
|
|
Batting: LHB Jamie Spangenberg
|
0-0: TRIPLE (Flyball, 9LD, EV 96.9 MPH)
|
|
Batting: RHB Aaron Barraza
|
0-0: Called Strike 0-1: Ball 1-1: Ball 2-1: SINGLE (Groundball, 34D, EV 101.2 MPH) Jamie Spangenberg scores
|
|
Batting: SHB Cesar Pelayo
|
0-0: Called Strike 0-1: Ball 1-1: Swinging Strike 1-2: Foul Ball, location: 2F 1-2: Strikes out swinging
|
|
Batting: RHB Ernie Maldonado
|
0-0: Ball 1-0: Foul Ball, location: 2F 1-1: Ball 2-1: Foul Ball, location: 2F 2-2: Ball 3-2: Grounds into double play, 5-4-3 (Groundball, 56, EV 110.6 MPH)
|
| Top of the 3rd over - 1 run, 2 hits, 0 errors, 0 left on base; Columbus 2 - Paris 2 |
| BOTTOM OF THE 3RD |
|
Paris Cubs batting - Pitching for Columbus Reds : RHP Guang Jue
|
|
Batting: RHB Willie Rubio
|
0-0: Foul Ball, location: 2F 0-1: Foul Ball, location: 2F 0-2: Strikes out swinging
|
|
Batting: SHB Jim Lloyd
|
0-0: Ball 1-0: Foul Ball, location: 2F 1-1: Called Strike 1-2: Ball 2-2: Ball 3-2: Foul Ball, location: 2F 3-2: Foul Ball, location: 2F 3-2: SINGLE (Line Drive, 5L, EV 106.9 MPH)
|
|
Batting: RHB Dave de Wolff
|
0-0: Ball Jim Lloyd steals 2nd base 1-0: Called Strike Jim Lloyd steals 3rd base 1-1: Ball 2-1: Swinging Strike 2-2: Ball 3-2: Reached on error, E4 (Groundball, 4, EV 87.5 MPH) Jim Lloyd scores
|
|
Batting: RHB Jorge Lagunas
|
0-0: Foul Ball, location: 2F 0-1: Ball 1-1: Foul Ball, location: 2F 1-2: Ball 2-2: Ball 3-2: Base on Balls Dave de Wolff to second
|
|
Batting: RHB Bartolo Aguilar
|
0-0: Called Strike 0-1: Called Strike 0-2: Ball 1-2: Ball 2-2: Strikes out swinging
|
|
Batting: RHB Mike Stein
|
0-0: Called Strike 0-1: Swinging Strike 0-2: Strikes out looking
|
| Bottom of the 3rd over - 1 run, 1 hit, 1 error, 2 left on base; Columbus 2 - Paris 3 |
| TOP OF THE 4TH |
|
Columbus Reds batting - Pitching for Paris Cubs : RHP Robbie Schoen
|
|
Batting: LHB Jose Cruz
|
0-0: SINGLE (Line Drive, 8LS, EV 113.1 MPH)
|
|
Batting: LHB Mike Becerra
|
0-0: Called Strike 0-1: Called Strike Jose Cruz steals 2nd base 0-2: Foul Ball, location: 2F 0-2: SINGLE (Line Drive, 89S, EV 94.4 MPH) Jose Cruz to third
|
|
Batting: RHB Alex de Leon
|
0-0: Ball 1-0: SINGLE (Groundball, 6D, EV 105.0 MPH) Jose Cruz scores Mike Becerra to second
|
|
Batting: RHB Ben Burkholder
|
0-0: Foul Ball, location: 2F 0-1: SINGLE (Line Drive, 4M, EV 95.6 MPH) Mike Becerra to third Alex de Leon to second
|
|
Batting: LHB Matthew Berry
|
0-0: Foul Ball, location: 2F 0-1: Ball 1-1: Ball 2-1: Swinging Strike 2-2: Ball 3-2: Base on Balls Mike Becerra scores Alex de Leon to third Ben Burkholder to second
|
|
Batting: LHB Jamie Spangenberg
|
0-0: Called Strike 0-1: Ball 1-1: Called Strike 1-2: Ball 2-2: Strikes out swinging
|
|
Batting: RHB Aaron Barraza
|
0-0: GRAND SLAM HOME RUN (Flyball, 7D, EV 99.4 MPH), Distance : 399 ft
|
|
Pitching: LHP Jerry Tyson
|
|
|
Batting: SHB Cesar Pelayo
|
0-0: Called Strike 0-1: Called Strike 0-2: Foul Ball, location: 2F 0-2: Strikes out swinging, 2-3 out at first.
|
|
Batting: RHB Ernie Maldonado
|
0-0: Ball 1-0: Ball 2-0: SOLO HOME RUN (Flyball, 7D, EV 99.4 MPH), Distance : 384 ft
|
|
Batting: LHB Jose Cruz
|
0-0: Ball 1-0: Ball 2-0: Ball 3-0: Base on Balls
|
|
Batting: LHB Mike Becerra
|
0-0: Foul Ball, location: 2F 0-1: Ball 1-1: SINGLE (Line Drive, 8RM, EV 94.4 MPH) Jose Cruz to second
|
|
Batting: RHB Alex de Leon
|
0-0: Ball 1-0: Called Strike 1-1: Called Strike 1-2: Ball 2-2: Strikes out looking
|
| Top of the 4th over - 7 runs, 7 hits, 0 errors, 2 left on base; Columbus 9 - Paris 3 |
| BOTTOM OF THE 4TH |
|
Paris Cubs batting - Pitching for Columbus Reds : RHP Guang Jue
|
|
Batting: RHB Dan Orozco
|
0-0: Ball 1-0: Ground out 4-3 (Groundball, 4, EV 86.2 MPH)
|
|
Batting: RHB Steve Vint
|
0-0: Ground out 5-3 (Groundball, 56S, EV 78.1 MPH)
|
|
Batting: RHB Jorge Gonzalez
|
0-0: Called Strike 0-1: Ball 1-1: Ball 2-1: Swinging Strike 2-2: Ball 3-2: Base on Balls
|
|
Batting: RHB Willie Rubio
|
0-0: Called Strike 0-1: Foul Ball, location: 2F 0-2: Foul Ball, location: 2F 0-2: Ball 1-2: Foul Ball, location: 2F 1-2: Strikes out swinging
|
| Bottom of the 4th over - 0 runs, 0 hits, 0 errors, 1 left on base; Columbus 9 - Paris 3 |
| TOP OF THE 5TH |
|
Columbus Reds batting - Pitching for Paris Cubs : LHP Jerry Tyson
|
|
Pitching: RHP Brian Jarrett
|
|
|
Batting: RHB Ben Burkholder
|
0-0: Ball 1-0: Ball 2-0: Ball 3-0: Base on Balls
|
|
Batting: LHB Matthew Berry
|
0-0: Swinging Strike 0-1: Called Strike 0-2: Ball 1-2: Ball 2-2: Ball 3-2: 2-RUN HOME RUN (Flyball, 9D, EV 102.5 MPH), Distance : 390 ft
|
|
Batting: LHB Jamie Spangenberg
|
0-0: Ball 1-0: Called Strike 1-1: Ground out 4-3 (Groundball, 34, EV 90.0 MPH)
|
|
Batting: RHB Aaron Barraza
|
0-0: Called Strike 0-1: Fly out, F7 (Flyball, 78M, EV 96.9 MPH)
|
|
Batting: SHB Cesar Pelayo
|
0-0: Foul Ball, location: 2F 0-1: Called Strike 0-2: Ball 1-2: Ball 2-2: SOLO HOME RUN (Flyball, 9D, EV 104.4 MPH), Distance : 390 ft
|
|
Batting: RHB Ernie Maldonado
|
0-0: Ball 1-0: SINGLE (Groundball, 56D, EV 98.1 MPH)
|
|
Batting: LHB Jose Cruz
|
0-0: Ball 1-0: Ball 2-0: Ground out 4-3 (Groundball, 4S, EV 81.9 MPH)
|
| Top of the 5th over - 3 runs, 3 hits, 0 errors, 1 left on base; Columbus 12 - Paris 3 |
| BOTTOM OF THE 5TH |
|
Paris Cubs batting - Pitching for Columbus Reds : RHP Guang Jue
|
|
Batting: SHB Jim Lloyd
|
0-0: Swinging Strike 0-1: Swinging Strike 0-2: Foul Ball, location: 2F 0-2: Strikes out looking
|
|
Batting: RHB Dave de Wolff
|
0-0: Ball 1-0: Called Strike 1-1: Called Strike 1-2: Ball 2-2: Strikes out swinging
|
|
Batting: RHB Jorge Lagunas
|
0-0: Called Strike 0-1: Ball 1-1: Called Strike 1-2: Strikes out swinging
|
| Bottom of the 5th over - 0 runs, 0 hits, 0 errors, 0 left on base; Columbus 12 - Paris 3 |
| TOP OF THE 6TH |
|
Columbus Reds batting - Pitching for Paris Cubs : RHP Brian Jarrett
|
|
Batting: LHB Mike Becerra
|
0-0: Ball 1-0: Fly out, F7 (Flyball, 7LD, EV 95.6 MPH)
|
|
Batting: RHB Alex de Leon
|
0-0: Ball 1-0: Ball 2-0: Ball 3-0: Base on Balls
|
|
Batting: RHB Ben Burkholder
|
0-0: Called Strike 0-1: Ball 1-1: Called Strike 1-2: Ball 2-2: Ball 3-2: Base on Balls Alex de Leon to second
|
|
Batting: LHB Matthew Berry
|
0-0: Foul Ball, location: 2F 0-1: Foul Ball, location: 2F 0-2: Foul Ball, location: 2F 0-2: Foul Ball, location: 2F 0-2: SINGLE (Line Drive, 56D, EV 96.2 MPH) Alex de Leon to third Ben Burkholder to second Runner from 3rd tries for Home, SAFE, throw by LF to home
|
|
Pitching: LHP Noah Hornby
|
|
|
Batting: LHB Jamie Spangenberg
|
0-0: Ball Passed Ball! Ben Burkholder to third Matthew Berry to second 1-0: SINGLE (Line Drive, 89S, EV 105.0 MPH) Ben Burkholder scores Matthew Berry to third
|
|
Batting: RHB Aaron Barraza
|
0-0: Grounds into double play, 4-6-3 (Groundball, 4, EV 90.6 MPH)
|
| Top of the 6th over - 2 runs, 2 hits, 0 errors, 1 left on base; Columbus 14 - Paris 3 |
| BOTTOM OF THE 6TH |
|
Paris Cubs batting - Pitching for Columbus Reds : RHP Guang Jue
|
|
Batting: RHB Bartolo Aguilar
|
0-0: Called Strike 0-1: Swinging Strike 0-2: Strikes out swinging
|
|
Batting: RHB Mike Stein
|
0-0: Called Strike 0-1: Foul Ball, location: 2F 0-2: Ball 1-2: Ball 2-2: Strikes out swinging, 2-3 out at first.
|
|
Batting: RHB Dan Orozco
|
0-0: Called Strike 0-1: Ball 1-1: Foul Ball, location: 2F 1-2: Foul Ball, location: 2F 1-2: Foul Ball, location: 2F 1-2: Ball 2-2: Ground out U3 (Groundball, 3, EV 86.9 MPH)
|
| Bottom of the 6th over - 0 runs, 0 hits, 0 errors, 0 left on base; Columbus 14 - Paris 3 |
| TOP OF THE 7TH |
|
Columbus Reds batting - Pitching for Paris Cubs : LHP Noah Hornby
|
|
Batting: SHB Cesar Pelayo
|
0-0: Fly out, F9 (Flyball, 89M, EV 98.8 MPH)
|
|
Batting: RHB Ernie Maldonado
|
0-0: Ball 1-0: Ground out U3 (Groundball, 3, EV 100.0 MPH)
|
|
Batting: LHB Jose Cruz
|
0-0: Swinging Strike 0-1: Ball 1-1: Foul Ball, location: 2F 1-2: Fly out, F7 (Flyball, 78M, EV 94.4 MPH)
|
| Top of the 7th over - 0 runs, 0 hits, 0 errors, 0 left on base; Columbus 14 - Paris 3 |
| BOTTOM OF THE 7TH |
|
Paris Cubs batting - Pitching for Columbus Reds : RHP Guang Jue
|
|
Pitching: RHP Brian Trejo
|
|
|
Batting: RHB Steve Vint
|
0-0: Foul Ball, location: 2F 0-1: Ball 1-1: Foul Ball, location: 2F 1-2: Strikes out swinging
|
|
Batting: RHB Jorge Gonzalez
|
0-0: Ball 1-0: Called Strike 1-1: Called Strike 1-2: Strikes out swinging
|
|
Batting: RHB Willie Rubio
|
0-0: SINGLE (Flyball, 7LS, EV 96.2 MPH)
|
|
Batting: SHB Jim Lloyd
|
0-0: Called Strike 0-1: Ball 1-1: Ball Willie Rubio steals 2nd base (no throw) 2-1: Ball 3-1: Called Strike 3-2: Strikes out swinging
|
| Bottom of the 7th over - 0 runs, 1 hit, 0 errors, 1 left on base; Columbus 14 - Paris 3 |
| TOP OF THE 8TH |
|
Columbus Reds batting - Pitching for Paris Cubs : LHP Noah Hornby
|
|
Pinch Hitting: RHB Jay Harrison
|
0-0: SINGLE (Groundball, 56D, EV 94.4 MPH)
|
|
Batting: RHB Alex de Leon
|
0-0: Called Strike 0-1: Reached on error, E5 (Groundball, 56S, EV 71.2 MPH) Jay Harrison to third
|
|
Batting: RHB Ben Burkholder
|
0-0: Ball 1-0: Foul Ball, location: 2F 1-1: Ball 2-1: Foul Ball, location: 2F 2-2: Strikes out looking
|
|
Batting: LHB Matthew Berry
|
0-0: Foul Ball, location: 2F 0-1: Foul Ball, location: 2F 0-2: Foul Ball, location: 2F 0-2: Foul Ball, location: 2F 0-2: Ball 1-2: Ball 2-2: SINGLE (Line Drive, 8RS, EV 109.4 MPH) Jay Harrison scores Alex de Leon to third Runner from 3rd tries for Home, throw by CF and OUT! 8-2
|
|
Batting: LHB Jamie Spangenberg
|
0-0: Ball 1-0: Ball 2-0: Ball 3-0: Called Strike 3-1: Fly out, F9 (Flyball, 9D, EV 81.9 MPH)
|
| Top of the 8th over - 1 run, 2 hits, 1 error, 1 left on base; Columbus 15 - Paris 3 |
| BOTTOM OF THE 8TH |
|
Paris Cubs batting - Pitching for Columbus Reds : RHP Brian Trejo
|
|
Now in LF: Jay Harrison
|
|
|
Batting: RHB Dave de Wolff
|
0-0: Swinging Strike 0-1: Ball 1-1: Ball 2-1: Foul Ball, location: 2F 2-2: Strikes out swinging
|
|
Batting: RHB Jorge Lagunas
|
0-0: Called Strike 0-1: Foul Ball, location: 2F 0-2: Strikes out swinging
|
|
Batting: RHB Bartolo Aguilar
|
0-0: Swinging Strike 0-1: Ball 1-1: Swinging Strike 1-2: Ball 2-2: Strikes out swinging
|
| Bottom of the 8th over - 0 runs, 0 hits, 0 errors, 0 left on base; Columbus 15 - Paris 3 |
| TOP OF THE 9TH |
|
Columbus Reds batting - Pitching for Paris Cubs : LHP Noah Hornby
|
|
Pinch Hitting: RHB Ch'ang-chieh Hsia
|
0-0: Swinging Strike 0-1: Swinging Strike 0-2: Foul Ball, location: 2F 0-2: Foul Ball, location: 2F 0-2: Ball 1-2: Strikes out swinging
|
|
Batting: SHB Cesar Pelayo
|
0-0: Called Strike 0-1: Ball 1-1: Ball 2-1: Ball 3-1: Base on Balls
|
|
Batting: RHB Ernie Maldonado
|
0-0: 2-RUN HOME RUN (Flyball, 7D, EV 103.1 MPH), Distance : 397 ft
|
|
Batting: LHB Jose Cruz
|
0-0: Called Strike 0-1: Swinging Strike 0-2: SINGLE (Groundball, 23, EV 72.5 MPH) (infield hit)
|
|
Batting: RHB Jay Harrison
|
0-0: Called Strike 0-1: Foul Ball, location: 2F 0-2: Ball 1-2: Ball 2-2: Reached on error, E6 (Groundball, 6, EV 85.6 MPH) Jose Cruz to second
|
|
Batting: RHB Alex de Leon
|
0-0: Foul Ball, location: 2F 0-1: Fly out, F8 (Flyball, 8RM, EV 82.5 MPH)
|
|
Batting: RHB Ben Burkholder
|
0-0: Called Strike 0-1: Ball 1-1: Ground out U3 (Groundball, 34S, EV 74.4 MPH)
|
| Top of the 9th over - 2 runs, 2 hits, 1 error, 2 left on base; Columbus 17 - Paris 3 |
| BOTTOM OF THE 9TH |
|
Paris Cubs batting - Pitching for Columbus Reds : RHP Brian Trejo
|
|
Now at C: Ch'ang-chieh Hsia
|
|
|
Batting: RHB Mike Stein
|
0-0: Foul Ball, location: 2F 0-1: Ball 1-1: Called Strike 1-2: Strikes out looking
|
|
Batting: RHB Dan Orozco
|
0-0: Ball 1-0: Ball 2-0: Swinging Strike 2-1: Foul Ball, location: 2F 2-2: Ground out 4-3 (Groundball, 4, EV 78.1 MPH)
|
|
Batting: RHB Steve Vint
|
0-0: Ball 1-0: Ball 2-0: SINGLE (Groundball, 56D, EV 107.5 MPH)
|
|
Batting: RHB Jorge Gonzalez
|
0-0: Called Strike 0-1: Ball 1-1: Swinging Strike 1-2: Strikes out swinging
|
| Bottom of the 9th over - 0 runs, 1 hit, 0 errors, 1 left on base; Columbus 17 - Paris 3 |
|